 Dungeon Crawl Stone Soup version 0.31-a0-865-g3d5d91748a (webtiles) character file.

Game seed: 2125636398913783785

25 roninjake the Trooper (level 2, 0/27 HPs)
             Began as a Minotaur Fighter on Oct 10, 2023.
             Slain by a gnoll
             ... wielding a +0 spear
              (3 damage)
             ... on level 2 of the Dungeon.
             The game lasted 00:03:14 (730 turns).

roninjake the Trooper (Minotaur Fighter)             Turns: 730, Time: 00:03:16

Health: 0/27       AC: 12    Str: 20    XL:     2   Next: 82%
Magic:  1/1        EV:  7    Int:  5    God:
Gold:   46         SH:  4    Dex:  9    Spells: 1/1 levels left

rFire   . . .        a - +0 war axe
rCold   . . .        c - +0 buckler
rNeg    . . .        g - +0 chain mail
rPois   .            h - +2 hat
rElec   .            (no cloak)
rCorr   .            j - +0 pair of gloves
SInv    .            (no boots)
Will    .....        k - amulet of the acrobat Stlth
                     (no ring)
HPRegen 0.24/turn    (no ring)
MPRegen 0.07/turn

%: acrobat
@: mighty
A: horns 2, retaliatory headbutt
a: no special abilities


You were on level 2 of the Dungeon.
You visited 1 branch of the dungeon, and saw 2 of its levels.

You collected 46 gold pieces.

Inventory:

Hand Weapons
 a - a +0 war axe (weapon)
Armour
 b - a +0 scale mail
 c - a +0 buckler (worn)
 g - a +0 chain mail (worn)
 h - a +2 hat (worn)
 j - a +0 pair of gloves (worn)
Jewellery
 k - an amulet of the acrobat (around neck)
Scrolls
 f - a scroll of amnesia {unknown}
 i - a scroll of identify {unknown}
Potions
 e - a potion of brilliance {unknown}


   Skills:
 + Level 4.1 Fighting
 * Level 3.6 Axes
 - Level 3.6 Armour
 - Level 3.6 Shields


You had one spell level left.
You didn't know any spells.
Your spell library was empty.

Dungeon Overview and Level Annotations

Branches:
Dungeon (2/15)

Altars:


Innate Abilities, Weirdness & Mutations

You have a pair of horns on your head.
You reflexively headbutt those who attack you in melee.


Message History

You miss the kobold.
The gnoll hits you from afar with a +0 spear.
The kobold hits you but does no damage.
An adder comes into view.
The adder hisses angrily.
You hit the gnoll but do no damage. Your headbutt misses the gnoll.
You slash the kobold!
You kill the kobold!
You block the gnoll's attack. The gnoll hits you with a +0 flail.
Unknown command.
You barely miss the gnoll. You headbutt the gnoll!
The gnoll is heavily wounded.
You closely miss the quokka. The quokka barely misses you.
You block the gnoll's attack. The gnoll hits you but does no damage.
The quokka barely misses you. The gnoll hits you but does no damage.
The gnoll hits you with a +0 flail.
Unknown command.
You closely miss the gnoll.
The gnoll is heavily wounded.
You hit the quokka. The quokka completely misses you.
The gnoll hits you with a +0 flail!
The gnoll hits you from afar with a +0 spear.
* * * LOW HITPOINT WARNING * * *
You block the quokka's attack.
You are too injured to fight recklessly!
Unknown command.
You feel very mighty all of a sudden. The gnoll hits you with a +0 flail.
* * * LOW HITPOINT WARNING * * *
The gnoll hits you but does no damage.
The quokka bites you but does no damage.
You are too injured to fight recklessly!
You barely miss the gnoll.
The gnoll is heavily wounded.
You miss the quokka. The quokka closely misses you. You furiously retaliate!
You headbutt the quokka!
You kill the quokka!
The gnoll closely misses you.
The gnoll hits you from afar with a +0 spear.
You die...

#.# #.# #.#
#.# #.. #.#
#.# #.#
#.###.#
#<##..####
#.)......#
#....#####.#
####.# #@#
#.. #gSg.#
#.##
#grb.....
#..
.......#.
#.#
##..>....
... .....#.
####... ###


You could see 3 gnolls, an adder, a bat and a rat.

Vanquished Creatures
  3 giant cockroaches (D:1)
  3 hobgoblins (D:1)
  4 jackals (D:1)
  2 kobolds
  3 quokkas
  2 ball pythons (D:1)
  2 bats (D:1)
  A goblin (D:2)
  3 rats (D:1)
23 creatures vanquished.

Notes
Turn   | Place    | Note
-------+----------+-------------------------------------------
     0 | D:1      | roninjake the Minotaur Fighter began the quest for the Orb.
     0 | D:1      | Reached XP level 1. HP: 19/19 MP: 0/0
   242 | D:1      | Reached XP level 2. HP: 27/27 MP: 1/1
   285 | D:1      | Reached skill level 4 in Fighting
   730 | D:2      | Slain by a gnoll

Illustrated notes

Levels and vault maps discovered:
D:1:      amcnicky_arrival_feature_with_door, layout_loops_ring
D:2:      layout_loops_ring, basic_altar, serial_co_window_serial,
          co_window_cross_1, co_window_corner_a, co_window_of_opportunity_a,
          co_window_of_opportunity_a, co_window_paths_a, co_window_paths_c,
          co_window_broadway_b, co_window_corner_ca, co_window_paths_c,
          co_window_paths_e, glass_columns_a, glass_columns_c, glass_columns_a,
          glass_columns_a, glass_columns_c, minmay_pentomino_v4,
          uniq_crazy_yiuf_cottage, uniq_terence

Skill      XL: |  1  2 |
---------------+-------+-----
Axes           | 3 |  3.6
Fighting       | 4 |  4.1
Armour         | |  3.6
Shields        | |  3.6

Action                     || total
---------------------------++-------
  Melee: War axe           ||    58
         Headbutt          ||     4
    Use: Potion            ||     1
 Armour: Chain mail        ||    57
         Scale mail        ||     5
  Dodge: Dodged            ||    28
  Block: Buckler           ||    17

Table legend: (Time is in decaauts)
 A = Elapsed time spent in this place.
 B = Non-inter-level travel time spent in this place.
 C = Inter-level travel time spent in this place.
 D = Time resting spent in this place.
 E = Time spent auto-exploring this place.
 F = Levels seen in this place.
 G = Mean time per level.
                   A        B        C        D        E       F      G
               +--------+--------+--------+--------+--------+-----+--------+
         Total |    752 |    710 |     42 |      0 |    499 |   2 |  376.0 |
       Dungeon |    752 |    710 |     42 |      0 |    499 |   2 |  376.0 |
               +--------+--------+--------+--------+--------+-----+--------+

Top non-repeatable levels by time:
     D:1: 728 daAuts
     D:2: 24 daAuts
